 Dungeon Crawl Stone Soup version 0.22-a0-848-ge9e22a0 (webtiles) character file.

742 Amnesiac the Magician (level 7, -8/46 HPs)
             Began as a Mummy Earth Elementalist on July 26, 2018.
             Shot with an arrow by a centaur (15 damage)
             ... on level 6 of the Dungeon.
             The game lasted 00:05:31 (2738 turns).

Amnesiac the Magician (Mummy Earth Elementalist)    Turns: 2738, Time: 00:05:32

Health: -8/46      AC:  6    Str: 12    XL:     7   Next: 47%
Magic:  5/16       EV: 12    Int: 16    God:
Gold:   70         SH:  0    Dex: 12    Spells: 8/18 levels left

rFire    x . .     SeeInvis .   g - +0 hunting sling
rCold    + . .     Gourm    .   (no shield)
rNeg     + + +     Faith    .   c - +1 robe
rPois    ∞         Spirit   .   b - +0 helmet
rElec    .         Reflect  .   (no cloak)
rCorr    .         Harm     .   f - +1 pair of gloves
MR       .....                  (no boots)
Stlth    ++........             (no amulet)
HPRegen  0.15/turn              k - ring of flight
MPRegen  0.15/turn              (no ring)

@: about to teleport, very slightly contaminated
A: no food or potions, fire vulnerability, cold resistance 1, negative energy
resistance 3, torment resistance, unbreathing
a: Evoke Flight


You were on level 6 of the Dungeon.
You were not hungry.

You visited 1 branch of the dungeon, and saw 7 of its levels.

You collected 70 gold pieces.

Inventory:

Hand Weapons
 a - a +0 mace
 e - a -3 whip
 g - a +0 hunting sling (weapon)
Missiles
 h - 10 sling bullets (quivered)
 m - 13 stones
Armour
 b - a +0 helmet (worn)
 c - a +1 robe (worn)
 f - a +1 pair of gloves (worn)
 l - a +0 buckler
Jewellery
 k - a ring of flight (left hand)
Scrolls
 d - 2 scrolls of enchant armour {!r}
 j - a scroll of fog {!r}


   Skills:
 - Level 1.5 Dodging
 - Level 1.5 Stealth
 + Level 6.2 Spellcasting
 - Level 0.7 Transmutations
 * Level 6.2 Earth Magic


You had 8 spell levels left.
You knew the following spells:

 Your Spells              Type           Power        Failure   Level  Hunger
a - Sandblast             Erth           ####..       1%          1    N/A
b - Passwall              Tmut/Erth      ###.....     4%          2    N/A
c - Stone Arrow           Conj/Erth      ##....       11%         3    N/A
e - Petrify               Tmut/Erth      ###.....     32%         4    N/A

Your spell library contained the following spells:

 Spells                   Type           Power        Failure   Level  Hunger
 Lee's Rapid Deconstruct  Erth           ####......   28%         5    N/A

Dungeon Overview and Level Annotations

Branches:
Dungeon (7/15)
 Temple: D:4-7

Altars:


Innate Abilities, Weirdness & Mutations

You do not eat or drink.
Your flesh is vulnerable to fire.
You are immune to poison.
Your flesh is cold resistant. (rC+)
You are immune to negative energy. (rN+++)
You are immune to unholy pain and torment.
You can survive without breathing.


Message History

You start resting.
Magic restored.
You start resting.
You start resting.
HP restored.
You open the door.
Things that are here:
a dagger; a leather armour; an orc corpse
k - a brass ring Put on which piece of jewellery? (? for menu, Esc to quit)
k - a ring of flight (left hand)
Okay, then.
Wear which item? (? for menu, Esc to quit)
Okay, then.
A crimson imp comes into view.
Found a ring mail.
A crimson imp is nearby!
A centaur comes into view.
The crimson imp shouts!
The centaur wields a shortbow.
The centaur shoots an arrow.
The arrow hits you.
The crimson imp blinks!
You see here an arrow.
A black bear comes into view.
The centaur shoots an arrow.
The arrow hits you.
The black bear growls angrily.
You hear an angry hiss.
You see here an arrow.
Casting: Sandblast (safe; 1% risk of failure)
Confirm with . or Enter, or press ? or * to list all spells.
Aiming: Petrify (quite dangerous; 32% risk of failure)
Press: ? - help, Shift-Dir - straight line, f - centaur
Aim: a centaur, wielding a shortbow (chance to defeat MR: 47%)
You miscast Petrify.
You are very lightly contaminated with residual magic.
The floor shifts beneath you alarmingly!
The centaur shoots an arrow.
The arrow hits you!
Unknown command.
Casting: Petrify (quite dangerous; 32% risk of failure)
Confirm with . or Enter, or press ? or * to list all spells.
Aiming: Petrify (quite dangerous; 32% risk of failure)
Press: ? - help, Shift-Dir - straight line, f/p - centaur
Aim: a centaur, wielding a shortbow (chance to defeat MR: 47%)
The centaur resists with some effort.
The centaur shoots an arrow.
The arrow barely misses you.
The centaur shoots an arrow.
The arrow hits you!
* * * LOW HITPOINT WARNING * * *
The crimson imp barely misses you.
The centaur shoots an arrow.
The arrow closely misses you.
An adder comes into view.
Okay, then.
Really read
i - a scroll of teleportation {!r}?
As you read the scroll of teleportation {!r}, it crumbles to dust.
You feel strangely unstable.
The crimson imp blinks!
The centaur shoots an arrow.
The arrow hits you!
* * * LOW HITPOINT WARNING * * *
Casting: Petrify (quite dangerous; 32% risk of failure)
Confirm with . or Enter, or press ? or * to list all spells.
Aiming: Petrify (quite dangerous; 32% risk of failure)
Press: ? - help, Shift-Dir - straight line, f/p - centaur
Aim: a centaur, wielding a shortbow (chance to defeat MR: 47%)
The centaur resists with some effort.
The centaur shoots an arrow.
The arrow hits you.
* * * LOW HITPOINT WARNING * * *
Unknown command.
The centaur shoots an arrow.
The arrow hits you!
You die...

......###.# #+### #...#
###.#####.##############
#.......................
#.......................
#...............>.......
#.......................
#.......................
#.......@...............
#..[....((.(............
#.......§.5(............
#......h..(.$...........
.......S....$..........
........c..........
.......?..........[
...................
...................


You could see a black bear, a centaur, a crimson imp and an adder.

Vanquished Creatures
  Sigmund (D:4)
  2 ogres (D:4)
  A centaur (D:4)
  A bullfrog (D:7)
  2 hounds
  An iguana (D:4)
  An orc wizard (D:4)
  2 worker ants
  Robin (D:4)
  5 adders
  A shadow imp (D:7)
  An ooze (D:1)
  A worm (D:2)
  2 dart slugs
  5 leopard geckos
  4 orcs
  A giant cockroach (D:2)
  11 goblins
  3 hobgoblins (D:4)
  2 quokkas
  3 ball pythons
  4 bats
  3 kobolds
  A quokka skeleton (D:5)
  A rat (D:2)
60 creatures vanquished.

Notes
Turn   | Place    | Note
-------+----------+-------------------------------------------
     0 | D:1      | Amnesiac the Mummy Earth Elementalist began the quest for the Orb.
     0 | D:1      | Reached XP level 1. HP: 13/13 MP: 4/4
   106 | D:2      | Reached XP level 2. HP: 16/19 MP: 0/5
   110 | D:2      | Learned a level 2 spell: Passwall
   350 | D:2      | Reached XP level 3. HP: 20/24 MP: 4/7
   355 | D:2      | Learned a level 3 spell: Stone Arrow
   612 | D:4      | Noticed a centaur
   621 | D:4      | Killed a centaur
   621 | D:4      | Reached XP level 4. HP: 17/30 MP: 1/10
   621 | D:4      | Reached XP level 5. HP: 20/35 MP: 1/11
   627 | D:4      | Learned a level 4 spell: Petrify
   924 | D:4      | Noticed an ogre
   930 | D:4      | Killed an ogre
  1053 | D:4      | Noticed an ogre
  1060 | D:4      | Killed an ogre
  1060 | D:4      | Reached skill level 5 in Earth Magic
  1060 | D:4      | Reached XP level 6. HP: 27/41 MP: 6/13
  1159 | D:4      | Noticed Robin
  1192 | D:4      | Noticed Sigmund
  1205 | D:4      | Killed Sigmund
  1205 | D:4      | Reached skill level 5 in Spellcasting
  1429 | D:4      | Killed Robin
  1626 | D:4      | Reached XP level 7. HP: 46/46 MP: 2/15
  2184 | D:5      | Entered Level 5 of the Dungeon
  2446 | D:5      | You fall through a shaft for 2 floors!
  2738 | D:6      | Shot with an arrow by a centaur

Vault maps used:
D:1:      lightli_arrival_noodles
D:2:      first_ration, minivault_11
D:4:      uniq_robin, uniq_sigmund
D:6:      nicolae_overflow_hidden_temple, kennysheep_generic_room_14
D:7:      minmay_temple_entry_trees, st_stairs_4, grunt_livestock,
          lightli_orcish_oven, uniq_joseph

Skill      XL: |  1  2  3  4  5  6  7 |
---------------+----------------------+-----
Earth Magic    | 3 4 5 6 |  6.2
Spellcasting   | 3 4 5 6 |  6.2
Dodging        | |  1.5
Stealth        | |  1.5
Transmutations | |  0.7

Action                   |  1- 3 |  4- 6 |  7- 9 || total
-------------------------+-------+-------+-------++-------
Melee: Unarmed           |    19 |       |       ||    19
       Whip              |     5 |     8 |     5 ||    18
 Fire: Hunting sling     |       |       |     7 ||     7
 Cast: Sandblast         |    45 |    33 |     2 ||    80
       Stone Arrow       |       |     9 |    22 ||    31
       Petrify           |       |       |     2 ||     2
       Passwall          |       |       |     1 ||     1
  Use: Scroll            |     2 |     2 |     3 ||     7
Armor: Robe              |    27 |     5 |    12 ||    44
Dodge: Dodged            |    59 |    15 |    28 ||   102

Table legend:
 A = Spawn XP
 B = Non-spawn XP
 C = Spawn XP percentage of total XP
 D = Spawn monster count
 E = Non-spawn monster count
 F = Spawn count percentage of total count
 G = Total turns spent on level
                    A         B        C        D         E        F      G
               +---------+---------+-------+---------+---------+-------+---------
         Total |       0 |    1060 |   0.0 |       0 |      60 |   0.0 |  2738
               +---------+---------+-------+---------+---------+-------+---------
           D:1 |       0 |      20 |   0.0 |       0 |       7 |   0.0 |   232
           D:2 |       0 |      55 |   0.0 |       0 |      14 |   0.0 |   334
           D:3 |       0 |      14 |   0.0 |       0 |       2 |   0.0 |    48
           D:4 |       0 |     703 |   0.0 |       0 |      27 |   0.0 |  1570
           D:5 |       0 |      87 |   0.0 |       0 |       4 |   0.0 |   262
           D:6 |       0 |      46 |   0.0 |       0 |       2 |   0.0 |   236
           D:7 |       0 |     135 |   0.0 |       0 |       4 |   0.0 |    56
               +---------+---------+-------+---------+---------+-------+---------
